 Dungeon Crawl Stone Soup version 0.24.0-125-gc4c63601f3 (webtiles) character file.

Game seed: 13374847642811278292, levelgen mode: deterministic

488 Suckerboh the Caller (level 6, -1/46 HPs)
             Began as a Mummy Summoner on Mar 1, 2020.
             Was an Initiate of Gozag.
             Killed by divine providence
             ... invoked by an orc priest
              (13 damage)
             ... on level 5 of the Dungeon.
             The game lasted 00:06:54 (4938 turns).

Suckerboh the Caller (Mummy Summoner)               Turns: 4938, Time: 00:06:57

Health: -1/46      AC: 11    Str: 11    XL:     6   Next: 90%
Magic:  9/11       EV: 13    Int: 17    God:    Gozag
Gold:   284        SH:  0    Dex: 12    Spells: 9/12 levels left

rFire    x . .     SeeInvis .   a - +3 falchion (protect)
rCold    + . .     Gourm    .   (no shield)
rNeg     + + +     Faith    .   f - +0 robe
rPois    ∞         Spirit   .   j - +0 helmet
rElec    .         Reflect  .   (no cloak)
rCorr    .         Harm     .   i - +0 pair of gloves
MR       .....                  (no boots)
Stlth    ++........             l - amulet of the acrobat
HPRegen  0.15/turn              (no ring)
MPRegen  0.12/turn              (no ring)

@: protection aura
A: no food or potions, fire vulnerability, cold resistance 1, negative energy
resistance 3, torment resistance, unbreathing
a: Potion Petition, Call Merchant, Bribe Branch, Renounce Religion


You were on level 5 of the Dungeon.
You worshipped Gozag.
Gozag was aware of your devotion.
You were not hungry.

You visited 1 branch of the dungeon, and saw 5 of its levels.

You collected 346 gold pieces.
You paid 62 gold pieces to Gozag.

Inventory:

Hand Weapons
 a - a +3 falchion of protection (weapon)
 k - a +1 dagger of speed
Armour
 f - a +0 robe (worn)
 i - a +0 pair of gloves (worn)
 j - a +0 helmet (worn)
Jewellery
 l - an amulet of the acrobat (around neck)
Scrolls
 b - a scroll of remove curse
 c - 2 scrolls of teleportation
 d - a scroll of enchant weapon
 e - 3 scrolls of blinking
 g - 2 scrolls of identify
 h - a scroll of fear
 m - a scroll of acquirement {unknown}


   Skills:
 + Level 2.5 Fighting
 - Level 2.0 Short Blades
 + Level 3.1 Dodging
 - Level 1.5 Stealth
 + Level 3.8 Spellcasting
 * Level 5.0 Summonings


You had 9 spell levels left.
You knew the following spells:

 Your Spells              Type           Power        Failure   Level  Hunger
a - Summon Small Mammal   Summ           ###.         1%          1    N/A
b - Call Imp              Summ           ###.....     3%          2    N/A

Your spell library contained the following spells:

 Spells                   Type           Power        Failure   Level  Hunger
 Call Canine Familiar     Summ           ###.....     6%          3    N/A
 Summon Guardian Golem    Hex/Summ       ##......     17%         3    N/A
 Summon Ice Beast         Ice/Summ       ##......     50%         4    N/A
 Summon Lightning Spire   Summ/Air       ##......     50%         4    N/A

Dungeon Overview and Level Annotations

Branches:
Dungeon (5/15)             Temple (0/1) D:4

Altars:
Elyvilon
Gozag
Qazlal
Ru
Sif Muna

Shops:
D:4 }*


Innate Abilities, Weirdness & Mutations

You do not eat or drink.
Your flesh is vulnerable to fire.
You are immune to poison.
Your flesh is cold resistant. (rC+)
You are immune to negative energy. (rN+++)
You are immune to unholy pain and torment.
You can survive without breathing.


Message History

The orc priest zaps a wand.
The bolt of acid hits you!
You are splashed with acid!
The orc priest hits you but does no damage.
You hit the orc priest but do no damage.
The orc priest is moderately wounded.
The orc priest barely misses you.
You barely miss the orc priest.
The orc priest is moderately wounded.
The orc priest zaps a wand.
The bolt of acid hits you.
You are splashed with acid!
* * * LOW HITPOINT WARNING * * *
You aren't carrying any items that you can evoke.
Unknown command.
Casting: Call Imp (safe; 3% risk of failure)
Confirm with . or Enter, or press ? or * to list all spells.
A beastly little devil appears in a puff of flame.
The orc priest invokes the aid of Beogh against you.
Beogh smites you!
You die...
Your body crumbles into a pile of gold.

######## #.o@...#
#.##5..## #######
#. #8...8#
#.....#### ..
##...## +.........
## #.).# #........
##..[## #......###
#8...8###......#..
##...##...........
#...##.......##<.


You could see an orc priest and a friendly crimson imp.

Vanquished Creatures
  An ogre (D:4)
  A bullfrog (D:2)
  A crimson imp (D:2)
  2 orc priests
  An orc wizard (D:4)
  A howler monkey skeleton (D:5)
  2 adders
  An adder skeleton (D:4)
  A worm (D:2)
  3 dart slugs
  3 leopard geckos
  7 orcs
  A ball python (D:1)
  6 bats
  3 giant cockroaches
  12 goblins
  6 hobgoblins
  7 jackals
  A kobold (D:1)
  4 quokkas
  5 frilled lizards
  6 rats
75 creatures vanquished.

Vanquished Creatures (collateral kills)
  An ice beast (D:5)
  An orc wizard (D:3)
  Robin (D:3)
  2 adders
  3 orcs (D:3)
  3 hobgoblins
  4 goblins
15 creatures vanquished.

Grand Total: 90 creatures vanquished

Notes
Turn   | Place    | Note
-------+----------+-------------------------------------------
     0 | D:1      | Suckerboh the Mummy Summoner began the quest for the Orb.
     0 | D:1      | Reached XP level 1. HP: 13/13 MP: 4/4
   564 | D:1      | Reached XP level 2. HP: 19/19 MP: 5/5
  1359 | D:2      | Reached skill level 4 in Summonings
  1466 | D:2      | Reached XP level 3. HP: 20/24 MP: 5/7
  1567 | D:2      | Learned a level 2 spell: Call Imp
  1824 | D:2      | Reached XP level 4. HP: 28/31 MP: 8/8
  1920 | D:2      | Noticed a bullfrog
  1931 | D:2      | Killed a bullfrog
  1931 | D:2      | Reached skill level 1 in Fighting
  1931 | D:2      | Reached skill level 1 in Short Blades
  2234 | D:2      | Found a sacrificial altar of Ru.
  2314 | D:3      | Found a shimmering blue altar of Sif Muna.
  2336 | D:3      | Reached XP level 5. HP: 27/37 MP: 6/9
  3297 | D:3      | Noticed Robin
  3304 | D:3      | Killed Robin
  4038 | D:4      | Found an opulent altar of Gozag.
  4040 | D:4      | Found Gozag's Platinum Reserve.
  4050 | D:4      | Became a worshipper of Gozag Ym Sagoz the Greedy
  4089 | D:4      | Found a staircase to the Ecumenical Temple.
  4115 | D:4      | Found a stormy altar of Qazlal.
  4228 | D:4      | Noticed an ogre
  4232 | D:4      | Killed an ogre
  4232 | D:4      | Reached XP level 6. HP: 44/44 MP: 11/11
  4293 | D:4      | Found a white marble altar of Elyvilon.
  4666 | D:4      | Found Fecabb's Gadget Emporium.
  4824 | D:5      | Entered Level 5 of the Dungeon
  4824 | D:5      | Noticed an ice beast
  4851 | D:5      | Killed an ice beast
  4865 | D:5      | Reached skill level 5 in Summonings
  4938 | D:5      | Killed from afar by an orc priest

Levels and vault maps discovered:
D:1:      dpeg_arrival_castle, layout_basic, serial_forest,
          infiniplex_forest_3_way, infiniplex_forest_lined_2,
          infiniplex_forest_zigzag_1, infiniplex_forest_clump_double,
          infiniplex_forest_lined_1
D:2:      minmay_chambers_of_ones, layout_basic, nicolae_ru_path_of_blood
D:3:      kennysheep_goblin_castle, layout_basic, lemuel_doored_altar,
          first_ration
D:4:      layout_basic, nicolae_gozag_zags_fifth_avenue, elyvilon_altar_5,
          temple_pool_b, serial_shops, shop, grunt_qazlal_sundering
D:5:      layout_basic, overflow_temple_1_default, serial_corexii_hall,
          corexii_hall_statues_i, corexii_hall_statues_u

Skill      XL: |  1  2  3  4  5  6 |
---------------+-------------------+-----
Summonings     | 4 5 |  5.0
Fighting       | 1 2 |  2.5
Short Blades   | 1 2 |  2.0
Dodging        | 2 3 |  3.1
Spellcasting   | 3 |  3.8
Stealth        | |  1.5

Action                   |  1- 3 |  4- 6 || total
-------------------------+-------+-------++-------
Melee: Dagger            |   125 |   156 ||   281
       Unarmed           |    12 |       ||    12
       Falchion          |       |    88 ||    88
 Cast: Summon Small Mamm |     7 |     2 ||     9
       Call Imp          |       |    13 ||    13
  Use: Scroll            |       |     5 ||     5
 Stab: Sleeping          |     1 |     1 ||     2
Armor: Robe              |    29 |    53 ||    82
Dodge: Dodged            |    82 |   121 ||   203
       Rpst.: Falchion   |       |    19 ||    19
